Map: Winter's Gate LE

Players

Scheuch - Winner!

  • Race: Zerg Zerg
  • League: Master
  • Spawn Location: 5:00

Mez

  • Race: Terran Terran
  • League: Master
  • Spawn Location: 11:00

VOD

Have the link to the VOD?

Description

Time

  • Played on: Sept. 3, 2019, 3:03 a.m.
  • Length: 12:01
Show
View Real Time Build Order
Export as new Build Order

Scheuch Zerg - Winner!

Build Orders: Hatch First, Muta Ling Bane 

Get SALT Encoding   

  12  0:01  Drone  
  13  0:12  Overlord  
  13  0:17  Drone  
  14  0:31  Drone x2  
  16  0:48  Hatchery  
  15  0:53  Drone  
  15  0:56  Drone  
  17  0:58  Drone  
  18  1:10  Extractor  
  17  1:15  Spawning Pool  
  17  1:16  Drone  
  17  1:19  Drone  
  18  1:30  Drone  
  19  1:51  Overlord  
  19  1:54  Drone  
  20  2:01  Queen x2  
  20  2:02  Zergling x4  
  26  2:11  Metabolic Boost  
  26  2:14  Drone x2  
  28  2:23  Drone x2  
  30  2:37  Overlord  
  30  2:41  Queen  
  32  2:46  Drone x2  
  32  2:47  Drone  
  35  3:01  Drone  
  35  3:02  Drone  
  36  3:16  Hatchery  
  36  3:18  Drone x6  
  41  3:29  Overlord  
  41  3:32  Drone  
  42  3:37  Extractor  
  42  3:39  Queen  
  43  3:42  Overlord  
  43  3:43  Drone  
  44  3:53  Drone x5  
  44  3:55  Lair  
  49  4:06  Zergling x10  
  49  4:08  Baneling Nest  
  52  4:22  Overlord  
  52  4:23  Overlord  
  52  4:26  Drone x5  
  52  4:28  Queen  
  59  4:38  Overlord  
  59  4:39  Zergling x2  
  59  4:40  Zergling x6  
  63  4:46  Spore Crawler  
  63  4:52  Baneling x3  
  62  4:54  Baneling  
  62  4:57  Centrifical Hooks  
  62  4:59  Drone x9  
  69  5:18  Drone x4  
  69  5:19  Drone x2  
  72  5:32  Spore Crawler  
  72  5:34  Hatchery  
  72  5:35  Drone x10  
  80  5:41  Extractor  
  79  5:43  Evolution Chamber  
  79  5:47  Drone x5  
  81  5:51  Extractor  
  81  5:52  Extractor  
  81  5:57  Zergling x6  
  80  5:58  Overlord x3  
  80  5:59  Pneumatized Carapace  
  82  6:09  Zerg Ground Armor Level 1  
  82  6:13  Overlord x2  
  82  6:15  Evolution Chamber  
  81  6:26  Overlord x2  
  81  6:27  Zergling x20  
  91  6:34  Extractor  
  91  6:36  Hatchery  
  91  6:37  Spire  
  88  6:40  Drone x2  
  88  6:41  Drone  
  91  6:47  Drone x5  
  91  6:48  Drone  
  97  6:55  Baneling x4  
  97  6:56  Zerg Melee Weapons Level 1  
  97  6:58  Drone x3  
  97  6:59  Drone x5  
  105  7:03  Baneling  
  105  7:04  Baneling x3  
  102  7:23  Zergling x28  
  116  7:39  Overlord x2  
  116  7:41  Overseer  
  111  7:51  Baneling x3  
  111  7:52  Mutalisk x2, Baneling x7  
  111  7:53  Mutalisk x6  
  111  7:54  Zergling x6  
  111  7:55  Zergling x8  
  111  7:58  Mutalisk  
  134  8:02  Zerg Flyer Weapons Level 1  
  136  8:06  Zergling x12  
  136  8:09  Baneling  
  136  8:10  Baneling x4  
  142  8:15  Baneling  
  142  8:16  Baneling x3  
  142  8:18  Zergling x2  
  142  8:19  Zergling x18  
  152  8:30  Baneling x6  
  152  8:33  Drone  
  153  8:43  Zergling x2  
  153  8:44  Zergling x6  
  151  9:03  Overlord x3  
  151  9:04  Zergling x16  
  151  9:05  Zergling x2  
  155  9:23  Drone x7  
  155  9:24  Infestation Pit, Extractor  
  155  9:25  Extractor  
  150  9:33  Baneling x10  
  150  9:34  Baneling x12  
  150  9:35  Zergling x26  
  150  9:36  Zergling x8  
  167  9:44  Hatchery  
  153  9:49  Zergling x2  
  153  9:50  Zergling x14  
  151  10:01  Hive  
  151  10:15  Burrow  
  151  10:25  Overlord x3  
  151  10:26  Mutalisk x6  
  151  10:28  Zergling x16  
  171  10:36  Baneling x8  
  171  10:49  Baneling x7  
  171  10:50  Zergling x4, Baneling x5  
  171  10:51  Zergling x28  
  187  10:59  Baneling x7  
  184  11:05  Overlord  
  184  11:06  Overlord, Zergling x2  
  184  11:07  Zergling x22  
  195  11:12  Overseer, Baneling x11  
Show
View Real Time Build Order
Export as new Build Order

Mez Terran 

Build Orders: Liberator Opening, Reaper Expand 

Get SALT Encoding   

  12  0:01  SCV  
  13  0:13  SCV  
  14  0:17  Supply Depot  
  14  0:25  SCV  
  15  0:39  SCV  
  15  0:41  Barracks  
  16  0:44  Refinery  
  16  0:51  SCV  
  17  1:03  SCV  
  18  1:15  SCV  
  19  1:30  Orbital Command, Reaper  
  20  1:40  Command Center  
  20  1:50  Supply Depot  
  20  1:56  SCV  
  21  2:01  Marine  
  22  2:10  SCV  
  22  2:13  Factory  
  23  2:17  Refinery  
  23  2:21  Barracks Reactor  
  23  2:22  SCV  
  24  2:39  SCV  
  25  2:51  SCV  
  25  2:54  Engineering Bay  
  25  3:06  Starport  
  25  3:18  Hellion x2  
  30  3:20  SCV, Orbital Command  
  30  3:24  Barracks Tech Lab  
  30  3:25  Liberator  
  30  3:32  SCV, Supply Depot  
  31  3:40  Hellion x2  
  35  3:44  Marine, SCV  
  35  3:48  SCV  
  41  3:56  SCV  
  41  4:00  SCV  
  41  4:01  Supply Depot  
  45  4:03  Hellion x2  
  45  4:05  Marine  
  45  4:08  SCV  
  49  4:12  SCV  
  50  4:20  SCV  
  51  4:26  Command Center  
  51  4:30  Supply Depot  
  51  4:31  SCV  
  52  4:32  SCV  
  53  4:42  Barracks, Stimpack  
  53  4:43  Factory Reactor  
  53  4:44  Barracks  
  53  4:46  Starport Reactor  
  54  4:52  SCV  
  54  4:53  SCV  
  55  5:05  SCV x2  
  57  5:12  Refinery, Engineering Bay x2  
  57  5:13  Refinery  
  53  5:22  Marine  
  53  5:24  Medivac  
  53  5:25  Medivac  
  53  5:26  SCV x2  
  60  5:30  Factory Tech Lab  
  60  5:38  SCV  
  60  5:39  Marine, SCV, Orbital Command  
  60  5:41  Marine x2  
  65  5:44  Terran Infantry Weapons Level 1  
  65  5:45  Supply Depot  
  65  5:48  Marine x2  
  64  5:52  SCV x2  
  66  5:57  Marine  
  66  5:59  Marine  
  66  6:02  Siege Tank  
  66  6:04  SCV x2  
  73  6:10  Orbital Command  
  73  6:16  SCV  
  74  6:21  Armory  
  74  6:22  Marine x3  
  74  6:23  Marine  
  74  6:24  Marine  
  74  6:25  Supply Depot, Combat Shield  
  79  6:28  SCV x2  
  81  6:37  Siege Tank  
  81  6:38  SCV  
  85  6:40  SCV x2, Marine x4, Terran Infantry Armor Level 1  
  85  6:42  Medivac  
  93  6:50  SCV  
  93  6:51  Marine  
  95  6:58  Marine x2  
  95  7:00  Marine x2  
  99  7:06  SCV, Barracks  
  99  7:07  Barracks, SCV  
  101  7:12  Supply Depot  
  101  7:14  Supply Depot  
  101  7:15  Supply Depot  
  101  7:16  Supply Depot  
  101  7:19  Marine x3, SCV x2  
  92  7:28  Marine x2  
  92  7:29  Siege Tank  
  96  7:31  Medivac  
  96  7:32  Medivac  
  96  7:34  SCV x2  
  96  7:36  Marine  
  96  7:37  Marine x2  
  102  7:43  SCV  
  106  7:46  Marine x2, SCV  
  106  7:47  Supply Depot  
  106  7:48  Supply Depot  
  106  7:49  Supply Depot  
  109  7:54  Marine  
  110  7:58  Marine  
  110  7:59  Marine  
  110  8:00  Barracks Reactor x2  
  110  8:02  SCV x2, Terran Infantry Weapons Level 2  
  114  8:15  Marine x3  
  114  8:16  Marine, Siege Tank  
  114  8:17  Medivac x2  
  125  8:20  Factory  
  125  8:28  SCV x2  
  125  8:30  Supply Depot  
  125  8:32  Supply Depot  
  125  8:33  Supply Depot  
  127  8:34  Refinery x2  
  127  8:36  Command Center  
  127  8:45  Marine  
  127  8:46  Marine x8  
  139  8:48  Siege Tank  
  129  8:59  Missile Turret x2  
  122  9:03  Marine x2  
  122  9:05  Factory Tech Lab  
  122  9:06  Drilling Claws, Factory Reactor  
  114  9:20  SCV x3, Thor  
  119  9:27  Missile Turret  
  119  9:32  SCV, Terran Infantry Armor Level 2, Terran Vehicle Weapons Level 1  
  119  9:33  Marine x4  
  119  9:37  Missile Turret  
  124  9:44  Widow Mine x2  
  126  9:51  SCV x3  
  122  10:04  Supply Depot  
  122  10:05  Missile Turret x2  
  122  10:09  SCV x3  
  122  10:14  Command Center, Widow Mine x3  
  127  10:20  Medivac x2  
  135  10:22  Marine x4  
  139  10:29  Marine x4  
  143  10:41  Cyclone  
  146  10:52  Marine x8  
  154  10:59  Marine  
  151  11:09  Marine  
  151  11:10  Marine  
  153  11:11  Marine x6  
  153  11:15  Barracks, Widow Mine x2  
  153  11:16  Barracks, Widow Mine  
  153  11:17  Barracks, Marauder  
  160  11:27  Marine x2  
Tags
 
Add a new tag
Caveats
  • Supply blocks, unpowered buildings, or Contaminate may cause inaccurate times.
  • Supply counts are checked every 10 seconds.